 Dungeon Crawl Stone Soup version 0.31.0-32-g396128a36d (webtiles) character file.

Game seed: 826860361685398893

1459 PaiMei the Grave Robber (level 8, 61/61 HPs)
             Began as a Demonspawn Necromancer on Mar 30, 2024.
             Quit the game on level 6 of the Dungeon.
             The game lasted 00:09:26 (7011 turns).

PaiMei the Grave Robber (Demonspawn Necromancer)    Turns: 7011, Time: 00:09:27

Health: 61/61      AC:  2    Str:  8    XL:     8   Next: 48%
Magic:  15/15      EV: 15    Int: 24    God:
Gold:   297        SH:  0    Dex: 20    Spells: 13/17 levels left

rFire   . . .        x - +1 spear (venom)
rCold   . . .        (no shield)
rNeg    . . .        a - +0 robe
rPois   .            (helmet restricted)
rElec   .            (no cloak)
rCorr   .            (no gloves)
SInv    .            (no boots)
Will    .....        (no amulet)
Stlth   ++           g - +6 ring of dexterity
HPRegen 0.30/turn    l - +6 ring of intelligence
MPRegen 0.14/turn

%: no passive effects
@: no status effects
A: antennae 2, powered by death 2, weakness stinger 2
a: no special abilities


You were on level 6 of the Dungeon.
You visited 1 branch of the dungeon, and saw 6 of its levels.
You also visited: Ossuary.

You collected 297 gold pieces.

Inventory:

Hand Weapons
 n - a +0 dagger of electrocution
 x - a +1 spear of venom (weapon)
Missiles
 e - 4 poisoned darts (quivered)
 s - 2 throwing nets
Armour
 a - a +0 robe (worn)
Jewellery
 g - a +6 ring of dexterity (left hand)
 j - a ring of see invisible
 l - a +6 ring of intelligence (right hand)
Wands
 y - a wand of paralysis (7)
 D - a wand of iceblast (9)
Scrolls
 c - 3 scrolls of noise {unknown}
 f - 3 scrolls of identify {unknown}
 h - 3 scrolls of teleportation {unknown}
 i - a scroll of enchant weapon {unknown}
 k - a scroll of vulnerability {unknown}
 o - a scroll of revelation {unknown}
 p - 4 scrolls of poison {unknown}
 u - a scroll of torment {unknown}
 v - a scroll of amnesia {unknown}
 w - 3 scrolls of fear {unknown}
 A - a scroll of acquirement {unknown}
 B - a scroll of blinking {unknown}
 C - a scroll of silence {unknown}
Potions
 b - 2 potions of magic
 d - 4 potions of attraction {unknown}
 m - a potion of enlightenment {unknown}
 q - a potion of heal wounds {unknown}
 r - a potion of berserk rage {unknown}
 t - 2 potions of curing {unknown}
 z - a potion of lignification {unknown}


   Skills:
 + Level 4.8 Fighting
 + Level 5.1 Dodging
 - Level 2.0 Stealth
 + Level 5.2 Spellcasting
 + Level 7.3 Necromancy


You had 13 spell levels left.
You knew the following spells:

 Your Spells              Type           Power      Damage    Failure   Level
a - Necrotise             Necr           100%       1d9       1%          1
b - Vampiric Draining     Necr           41%        2d8       1%          3

Your spell library contained the following spells:

 Spells                   Type           Power      Damage    Failure   Level
 Sublimation of Blood     Necr           41%        N/A       1%          2
 Cigotuvi's Dreadful Rot  Necr/Alch/Air  34%        N/A       4%          2
 Animate Dead             Necr           41%        N/A       4%          4
 Dispel Undead            Necr           41%        3d16      4%          4
 Shock                    Conj/Air       24%        1d4       9%          1
 Sting                    Conj/Alch      24%        1d4       9%          1
 Summon Small Mammal      Summ           24%        N/A       9%          1
 Curse of Agony           Necr           41%        N/A       12%         5
 Call Imp                 Summ           12%        N/A       13%         2
 Mercury Vapours          Alch/Air       12%        N/A       13%         2
 Static Discharge         Conj/Air       12%        3-4/arc   13%         2
 Martyr's Knell           Necr/Summ      23%        N/A       19%         4
 Call Canine Familiar     Summ           6%         N/A       26%         3
 Dazzling Flash           Conj/Hex       12%        N/A       26%         3
 Summon Ice Beast         Ice/Summ       6%         N/A       26%         3
 Volatile Blastmotes      Fire/Tloc      12%        2d11      26%         3
 Death Channel            Necr           20%        N/A       54%         6
 Airstrike                Air            3%         2d(1-17)  65%         4
 Olgreb's Toxic Radiance  Alch           6%         N/A       65%         4
 Summon Blazeheart Golem  Fire/Summ      6%         N/A       65%         4
 Summon Lightning Spire   Summ/Air       6%         N/A       65%         4
 Starburst                Conj/Fire      3%         6d3       100%        6
 Orb of Destruction       Conj           3%         9d5       100%        7
 Summon Hydra             Summ           3%         N/A       100%        7
 Maxwell's Capacitive Co  Air            3%         ∞         100%        8
 Fire Storm               Conj/Fire      3%         8d1       100%        9


Dungeon Overview and Level Annotations

Branches:
Dungeon (6/15)             Temple (0/1) D:5         Ossuary (visited)

Altars:
Qazlal
Trog

Shops:
D:1 [


Innate Abilities, Weirdness & Mutations

You have a pair of antennae on your head.
You regenerate health from kills.
You have a tail ending in a sharp stinger.


Message History

Aiming: Vampiric Draining (safe; 1% risk of failure)
Press: ? - help, Shift-Dir - straight line, f - bombardier beetle
Aim: a bombardier beetle (heavily wounded)
You draw life force from the bombardier beetle!
You kill the bombardier beetle!
You feel life coursing into your body. The liquid fire burns you!
Casting: Vampiric Draining (safe; 1% risk of failure)
Confirm with . or Enter, or press ? or * to list all spells.
You can't see any susceptible monsters within range! (Use Z to cast anyway.)
You are on fire!
You shake off some of the fire as you move.
The liquid fire burns you!
You shake off the liquid fire.
You pick up the Elucidation of the Productive Barrage and begin reading...
It was the Elucidation of the Productive Barrage.
You add the spells Shock, Summon Ice Beast, Orb of Destruction and Fire Storm to your library.
You now have 278 gold pieces (gained 6).
You now have 289 gold pieces (gained 11).
You now have 297 gold pieces (gained 8).
There is a staircase to the Ecumenical Temple here.
You see here a bombardier beetle corpse.
You see here a bombardier beetle corpse.
There is a stone staircase leading up here.
You see here a book of Storms.
Things that are here:
a +0 giant club; an ogre skeleton
Found a stone staircase leading up.
There is a stone staircase leading up here.
D - a wand of iceblast (9) Done exploring.
Done exploring.
Search for what [Enter for "."]? .
There is a stone staircase leading down here.
You climb downwards.
There is a stone staircase leading up here.
There is a stone staircase leading up here.
Found an escape hatch in the floor.
Unknown command.
Are you sure you want to abandon this character and quit the game? (Confirm with "yes".)

#######
#.....#
#.###.#
#.###.#
#...<.#
#..####
#..# #..#
#.@#
#.$.....#
#...###>#
#....
##..#.
#..#.#
#... .
##.# #.


There were no monsters in sight!

Vanquished Creatures
  A black bear (D:5)
  An ice beast (D:5)
  An ogre (D:5)
  A phantom (D:5)
  3 elf zombies (Ossuary)
  2 scorpions (D:5)
  A bombardier beetle (D:5)
  3 centaur zombies (Ossuary)
  A jelly (D:5)
  5 human zombies (Ossuary)
  A hound (D:5)
  2 iguanas (D:4)
  A sleepcap (D:4)
  2 orc wizards (D:5)
  3 mummies (Ossuary)
  15 gnolls
  4 adders
  A shadow imp (D:5)
  A white imp (D:5)
  3 dart slugs
  3 orcs
  7 ball pythons
  6 bats
  11 endoplasms
  4 giant cockroaches
  9 goblins
  6 hobgoblins
  7 kobolds
  6 quokkas
  2 frilled lizards
  6 rats
119 creatures vanquished.

Vanquished Creatures (collateral kills)
  An endoplasm (D:2)
1 creature vanquished.

Grand Total: 120 creatures vanquished

Notes
Turn   | Place    | Note
-------+----------+-------------------------------------------
     0 | D:1      | PaiMei the Demonspawn Necromancer began the quest for the
                  | Orb.
     0 | D:1      | Reached XP level 1. HP: 13/13 MP: 3/3
   135 | D:1      | You fall into a shaft and drop 1 floor!
   142 | D:2      | Discovered your monstrous ancestry.
   142 | D:2      | Gained mutation: You have a small tail. [demonic ancestry]
   142 | D:2      | Reached XP level 2. HP: 19/19 MP: 0/5
   396 | D:2      | Gained mutation: You have a pair of small antennae on your
                  | head. [demonic ancestry]
   396 | D:2      | Reached XP level 3. HP: 25/25 MP: 1/6
   398 | D:1      | Found Toiphi's Antique Armour Shoppe.
   891 | D:1      | Reached skill level 1 in Fighting
  1771 | D:2      | Gained mutation: You regenerate a little health from kills.
                  | [demonic ancestry]
  1771 | D:2      | Reached XP level 4. HP: 32/32 MP: 3/7
  1859 | D:2      | Reached skill level 5 in Necromancy
  2205 | D:2      | Found a stormy altar of Qazlal.
  3242 | D:3      | Gained mutation: You regenerate health from kills. [demonic
                  | ancestry]
  3242 | D:3      | Reached XP level 5. HP: 38/38 MP: 5/9
  3887 | D:4      | Found a sand-covered staircase.
  3896 | Ossuary  | Entered an ossuary
  3964 | Ossuary  | Gained mutation: You have a pair of antennae on your head.
                  | [demonic ancestry]
  3964 | Ossuary  | Reached XP level 6. HP: 14/46 MP: 9/11
  4539 | Ossuary  | Reached skill level 6 in Necromancy
  4539 | Ossuary  | Reached XP level 7. HP: 52/52 MP: 12/12
  4743 | D:4      | Learned a level 3 spell: Vampiric Draining
  5365 | D:4      | Found a bloodstained altar of Trog.
  5621 | D:5      | Entered Level 5 of the Dungeon
  5990 | D:5      | Gained mutation: You have a tail ending in a sharp stinger.
                  | [demonic ancestry]
  5990 | D:5      | Reached XP level 8. HP: 60/60 MP: 8/14
  6480 | D:5      | Reached skill level 7 in Necromancy
  6554 | D:5      | Reached skill level 5 in Spellcasting
  6602 | D:5      | Reached skill level 5 in Dodging
  6694 | D:5      | Found a staircase to the Ecumenical Temple.
  6699 | D:5      | Got the Elucidation of the Productive Barrage
  7011 | D:6      | Quit the game

Illustrated notes

Levels and vault maps discovered:
D:1:      onia_arrival_mini_maze, layout_loops_ring, serial_shops,
          nicolae_shop_tiny_waterfront, serial_park_tiny_pond,
          minmay_misc_feat_square, columned_hall_lemuel
D:2:      layout_rooms, serial_corexii_hall, corexii_hall_statues_x,
          chequers_hall_statues_y, basic_altar, dreamdust_wishing_well,
          minmay_quantized
D:3:      layout_basic, minivault_26, chequers_serial_rivers_micro_b
D:4:      layout_basic, trog_three_pillars_becter, chequers_ossuary_entry_cave
D:5:      layout_loops_ring, minmay_temple_entry_offerings
D:6:      minmay_chambers_of_fours, layout_basic,
          nicolae_overflow_two_pavilions, grunt_decor_cap, uniq_jeremiah

Skill      XL: |  1  2  3  4  5  6  7  8 |
---------------+-------------------------+-----
Dodging        | 2 3 4 5 |  5.1
Stealth        | 2 |  2.0
Fighting       | 1 2 3 4 |  4.8
Necromancy     | 5 6 7 |  7.3
Spellcasting   | 3 4 5 |  5.2

Action                     |  1- 3 |  4- 6 |  7- 9 || total
---------------------------+-------+-------+-------++-------
  Melee: Unarmed           |    11 |       |       ||    11
         Hand axe          |     1 |     2 |       ||     3
         Tailslap          |       |    20 |    25 ||    45
         Dagger            |       |   106 |    48 ||   154
         Punch             |       |     2 |     1 ||     3
         Spear             |       |       |    65 ||    65
   Cast: Necrotise         |    66 |    75 |    48 ||   189
         Vampiric Draining |       |       |    25 ||    25
   Stab: Sleeping          |       |     1 |     2 ||     3
 Armour: Robe              |    17 |    50 |    77 ||   144
  Dodge: Dodged            |    16 |    49 |    94 ||   159
